 Dungeon Crawl Stone Soup version 0.30.1-4-g462c640d31 (webtiles) character file.

Game seed: 11684409621540969796

5 Bobit the Chucker (level 1, 0/17 HPs)
             Began as a Gnoll Wanderer on Aug 27, 2023.
             Slain by an adder (1 damage)
             ... on level 2 of the Dungeon.
             The game lasted 00:00:57 (93 turns).

Bobit the Chucker (Gnoll Wanderer)                    Turns: 93, Time: 00:00:59

Health: 0/17       AC:  3    Str:  9    XL:     1   Next: 80%
Magic:  1/1        EV: 14    Int:  9    God:
Gold:   0          SH:  0    Dex: 15    Spells: 0/0 levels left

rFire   . . .        a - +2 dagger
rCold   . . .        (no shield)
rNeg    . . .        f - +0 robe
rPois   .            (no helmet)
rElec   .            (no cloak)
rCorr   .            d - +0 pair of gloves
SInv    .            (no boots)
Will    .....        (no amulet)
Stlth   +            (no ring)
HPRegen 0.22/turn    (no ring)
MPRegen 0.07/turn

%: no passive effects
@: no status effects
A: fangs 1, strong nose, distributed training
a: no special abilities


You were on level 2 of the Dungeon.
You visited 1 branch of the dungeon, and saw 2 of its levels.

Inventory:

Hand Weapons
 a - a +2 dagger (weapon)
 c - a +0 quarterstaff
Missiles
 b - 4 curare-tipped darts (quivered)
Armour
 d - a +0 pair of gloves (worn)
 f - a +0 robe (worn)
Potions
 e - a potion of attraction


   Skills:
 + Level 2.4 Fighting
 + Level 0.1 Short Blades
 + Level 0.1 Long Blades
 + Level 0.1 Axes
 + Level 0.1 Maces & Flails
 + Level 0.1 Polearms
 + Level 6.4 Staves
 + Level 0.1 Ranged Weapons
 + Level 6.4 Throwing
 + Level 2.4 Armour
 + Level 4.4 Dodging
 + Level 0.1 Stealth
 + Level 0.1 Shields
 + Level 0.1 Unarmed Combat
 + Level 0.1 Spellcasting
 + Level 0.1 Conjurations
 + Level 0.1 Hexes
 + Level 0.1 Summonings
 + Level 0.1 Necromancy
 + Level 0.1 Translocations
 + Level 0.1 Transmutations
 + Level 0.1 Fire Magic
 + Level 0.1 Ice Magic
 + Level 0.1 Air Magic
 + Level 0.1 Earth Magic
 + Level 0.1 Poison Magic
 + Level 0.2 Invocations
 + Level 0.1 Evocations


You couldn't memorise any spells.
You didn't know any spells.
Your spell library was empty.

Dungeon Overview and Level Annotations

Branches:
Dungeon (2/15)

Altars:


Innate Abilities, Weirdness & Mutations

You have very sharp teeth.
Your uncanny sense of smell can sniff out nearby items.
Your experience applies equally to all skills.


Message History

You kill the kobold!
The bat hits you but does no damage. The adder barely misses you.
The jackal bites you. The kobold barely misses you.
You hit the goblin.
You kill the goblin!
The bat misses you. The adder bites you but does no damage.
The jackal bites you. The kobold closely misses you.
The bat closely misses you. The adder barely misses you.
The adder bites you but does no damage. The jackal closely misses you.
The bat closely misses you. The kobold completely misses you.
Things that are here:
a +0 club; a +0 club; a goblin corpse You hit the bat.
The bat is heavily wounded.
The bat hits you but does no damage. The bat closely misses you.
The jackal closely misses you. The adder bites you.
You are poisoned.
The adder poisons you! The kobold barely misses you.
You hit the bat.
You kill the bat!
You feel sick. The jackal closely misses you. The adder closely misses you.
The jackal misses you. The kobold barely misses you.
The jackal attacks as you move away! The jackal barely misses you.
You feel sick. The adder bites you.
* * * LOW HITPOINT WARNING * * *
The adder closely misses you.
You feel sick.
You hit the jackal.
The jackal is severely wounded.
You feel sick. The jackal bites you.
* * * LOW HITPOINT WARNING * * *
The adder bites you but does no damage.
The jackal bites you but does no damage.
You barely miss the jackal.
The jackal is severely wounded.
* * * LOW HITPOINT WARNING * * *
You feel sick.
You are no longer poisoned.
The adder barely misses you. The jackal barely misses you. The adder bites you.
You die...

.......# ####
.......# ###...##
.....#####......###
.... ....##....<#
#.##..##.##..###
#....##...##.##
##Kg##.!8:.#..#
#Sh#.(8#8g.#.#
##@.#.$8..##.#
##.##.$.##..#
#..##.##g.##
##..##b..##
##....### ######


You could see an adder, a jackal, a hobgoblin and a kobold.

Vanquished Creatures
  2 bats
  A goblin (D:2)
  A ball python (D:1)
  A kobold (D:2)
5 creatures vanquished.

Notes
Turn   | Place    | Note
-------+----------+-------------------------------------------
     0 | D:1      | Bobit the Gnoll Wanderer began the quest for the Orb.
     0 | D:1      | Bobit set off with the following items: a +2 dagger, 4
                  | curare-tipped darts, a +0 quarterstaff, a +0 pair of
                  | gloves, a potion of attraction, a +0 robe.
     0 | D:1      | Reached XP level 1. HP: 17/17 MP: 1/1
    93 | D:2      | Slain by an adder

Illustrated notes

Levels and vault maps discovered:
D:1:      scummos_arrival_simple_fountains, layout_basic
D:2:      layout_basic, minmay_heptomino_w4

Action                     || total
---------------------------++-------
  Melee: Dagger            ||    16
 Armour: Robe              ||    18
  Dodge: Dodged            ||    44
